 Dungeon Crawl Stone Soup version 0.30-a0-358-g0d69a1922f (webtiles) character file.

Game seed: 3491562901467717157

202 mopl the Chopper (level 5, 0/37 (40) HPs)
             Began as a Demonspawn Gladiator on Nov 10, 2022.
             Slain by a wight
             ... wielding a +0 dagger
              (7 damage)
             ... on level 6 of the Dungeon.
             The game lasted 00:02:09 (1942 turns).

mopl the Chopper (Demonspawn Gladiator)             Turns: 1942, Time: 00:02:10

HP:   0/37 (40)     AC:  6    Str: 16    XL:     5   Next: 50%
MP:   5/5           EV: 12    Int: 10    God:
Gold: 125           SH:  5    Dex: 14    Spells: 4/4 levels left

rFire   . . .      SeeInvis .    a - +0 war axe
rCold   . . .      Faith    .    (no shield)
rNeg    + . .      Spirit   .    u - +0 troll leather armour {Pargi}
rPois   .          Reflect  +    (helmet restricted)
rElec   .          Harm     .    (no cloak)
rCorr   .          Rampage  .    g - +0 pair of gloves
Will    .....                    b - +0 pair of boots
Stlth   +.........               c - amulet of reflection
HPRegen 1.06/turn                o - ring of positive energy
MPRegen 0.09/turn                (no ring)

@: flying, hasted, drained, very quick
A: antennae 1, spiny 2
a: no special abilities


You were on level 6 of the Dungeon.
You visited 1 branch of the dungeon, and saw 4 of its levels.
You also visited: Sewer.

You collected 125 gold pieces.

Inventory:

Hand Weapons
 a - a +0 war axe (weapon)
Missiles
 d - 3 throwing nets (quivered)
 e - a javelin
 j - 14 poisoned darts
Armour
 b - a +0 pair of boots (worn)
 g - a +0 pair of gloves (worn)
 u - a +0 troll leather armour (worn) {Pargi}
 v - a +0 plate armour
Jewellery
 c - an amulet of reflection (around neck)
 o - a ring of positive energy (left hand)
Wands
 r - a wand of polymorph (5)
Scrolls
 f - 5 scrolls of identify {unknown}
 i - a scroll of enchant weapon {unknown}
 m - a scroll of fear {unknown}
 p - a scroll of teleportation {unknown}
 q - a scroll of blinking {unknown}
Potions
 h - 2 potions of curing {unknown}
 k - 2 potions of flight
 l - a potion of lignification {unknown}
 n - a potion of mutation {unknown}
 s - 2 potions of haste
 t - 2 potions of invisibility {unknown}


   Skills:
 + Level 2.9 Fighting
 * Level 3.9 Axes
 + Level 2.5 Throwing
 + Level 1.8 Armour
 + Level 3.3 Dodging


You had 4 spell levels left.
You didn't know any spells.
Your spell library contained the following spells:

 Spells                   Type           Power      Damage    Failure   Level
 Cigotuvi's Dreadful Rot  Necr/Pois/Air  0%         N/A       56%         2
 Poisonous Vapours        Pois/Air       0%         N/A       56%         2
 Mephitic Cloud           Conj/Pois/Air  0%         N/A       80%         3


Dungeon Overview and Level Annotations

Branches:
Dungeon (3/15)              Sewer (visited)

Altars:


Innate Abilities, Weirdness & Mutations

You have a pair of small antennae on your head.
You are mostly covered in sharp spines.


Message History

You slash the wight!
The wight is heavily damaged.
You hit the wight. You block the wight's attack.
The wight is struck by your spines.
The wight hits you with a +0 morningstar!
You partially resist.
You feel drained.
You barely miss the wight.
The wight is heavily damaged.
You closely miss the wight. The wight closely misses you.
The wight is struck by your spines. The wight closely misses you.
The wight completely misses you.
Unknown command.
You barely miss the wight.
The wight is severely damaged.
You barely miss the wight. The wight misses you.
The wight hits you with a +0 morningstar!
The wight hits you but does no damage. You block the wight's attack.
The wight hits you from afar with a +0 trident.
The wight hits you with a +0 morningstar!
* * * LOW HITPOINT WARNING * * *
You are too injured to fight recklessly!
You hit the wight.
The wight is severely damaged.
You closely miss the wight. The wight hits you but does no damage.
You block the wight's attack. The wight closely misses you.
Unknown command.
The wight hits you with a +0 dagger.
* * * LOW HITPOINT WARNING * * *
You partially resist.
You feel drained. The wight is struck by your spines.
The wight hits you with a +0 trident.
* * * LOW HITPOINT WARNING * * *
You partially resist.
You feel drained.
* * * LOW HITPOINT WARNING * * *
It was a potion of flight.
You feel very buoyant.
You fly up into the air.
The wight barely misses you. The wight misses you.
The wight closely misses you.
It was a potion of haste.
You feel yourself speed up. The wight hits you with a +0 dagger!
You die...

###...................
###.####.............###
#....####...........## #
#..................# ..
###.......#.............
#.......###.......#.#...
...##.....#..##..####...
....#............ ....
.......@z.......
..##...zz...>...
................
................
...............#
##......#.......
##.#...####..## ..#....
...


You could see 3 wights.

Vanquished Creatures
  Pargi (Sewer)
  A scorpion (D:6)
  An adder (D:3)
  A bat (D:1)
  2 endoplasms
  2 giant cockroaches (D:1)
  5 goblins
  7 hobgoblins
  11 kobolds
  2 quokkas
  4 frilled lizards
  2 rats
39 creatures vanquished.

Notes
Turn   | Place    | Note
-------+----------+-------------------------------------------
     0 | D:1      | mopl the Demonspawn Gladiator began the quest for the Orb.
     0 | D:1      | Reached XP level 1. HP: 16/16 MP: 1/1
   114 | D:1      | Gained mutation: You are partially covered in sharp spines.
                  | [demonic ancestry]
   114 | D:1      | Reached XP level 2. HP: 22/22 MP: 2/2
   363 | D:1      | Reached skill level 3 in Axes
   368 | D:1      | Reached skill level 2 in Throwing
   454 | D:1      | Found a faded altar of an unknown god.
  1211 | D:2      | Reached XP level 3. HP: 27/27 MP: 3/3
  1551 | D:3      | Found a glowing drain.
  1560 | Sewer    | Entered a sewer
  1565 | Sewer    | Reached skill level 1 in Armour
  1593 | Sewer    | Noticed Pargi
  1603 | Sewer    | Killed Pargi
  1604 | Sewer    | Reached skill level 3 in Dodging
  1604 | Sewer    | Gained mutation: You are mostly covered in sharp spines.
                  | [demonic ancestry]
  1604 | Sewer    | Reached XP level 4. HP: 20/34 MP: 4/4
  1637 | Sewer    | Gained mutation: You have a pair of small antennae on your
                  | head. [demonic ancestry]
  1637 | Sewer    | Reached XP level 5. HP: 32/39 MP: 5/5
  1887 | D:3      | You fall into a shaft and drop 3 floors!
  1942 | D:6      | Slain by a wight

Illustrated notes

Levels and vault maps discovered:
D:1:      minmay_arrival_checkered_box, layout_basic,
          ebering_ecumenical_altar_mist, chequers_serial_rivers_large_a,
          kennysheep_nondescript
D:2:      layout_basic, grunt_decor_cap
D:3:      layout_basic, portal_sewer_entry_d
D:6:      layout_cave_pools, nicolae_elevator_lobby_asterisk, uniq_eustachio

Skill      XL: |  1  2  3 |
---------------+----------+-----
Axes           | 3 |  3.9
Throwing       | 2 |  2.5
Armour         | 1 |  1.8
Dodging        | 3 |  3.3
Fighting       | |  2.9

Action                   |  1- 3 |  4- 6 || total
-------------------------+-------+-------++-------
Melee: War axe           |    60 |    18 ||    78
  Use: Potion            |       |     2 ||     2
 Stab: Sleeping          |       |     2 ||     2
Armor: Leather armour    |     5 |       ||     5
       Ring mail         |    19 |       ||    19
       Troll leather arm |       |     4 ||     4
Dodge: Dodged            |    41 |    18 ||    59
Block: Other             |       |     4 ||     4

Table legend: (Time is in decaauts)
 A = Elapsed time spent in this place.
 B = Non-inter-level travel time spent in this place.
 C = Inter-level travel time spent in this place.
 D = Time resting spent in this place.
 E = Time spent auto-exploring this place.
 F = Levels seen in this place.
 G = Mean time per level.
                   A        B        C        D        E       F      G
               +--------+--------+--------+--------+--------+-----+--------+
         Total |   1986 |   1946 |     40 |      0 |   1607 |   5 |  397.2 |
       Dungeon |   1814 |   1774 |     40 |      0 |   1508 |   4 |  453.5 |
         Sewer |    171 |    171 |      0 |      0 |     99 |   1 |  171.0 |
               +--------+--------+--------+--------+--------+-----+--------+

Top non-repeatable levels by time:
     D:1: 944 daAuts
     D:2: 618 daAuts
     D:3: 193 daAuts
   Sewer: 171 daAuts
     D:6: 58 daAuts
